[Event "Live Chess"]
[Site "Chess.com"]
[Date "2023.05.20"]
[Round "-"]
[White "xx_blindpuffin_xx"]
[Black "chessfiction"]
[Result "1-0"]
[WhiteElo "2208"]
[BlackElo "2401"]
[TimeControl "300"]
[EndTime "11:40:08 PDT"]
[Termination "xx_blindpuffin_xx won by resignation"]

1. d4 Nf6 2. Bf4 e6 3. e3 b6 4. Nf3 Bb7 5. h3 d6 6. Be2 Nbd7 7. O-O Qe7 8. c4 h6 9. Nc3 g5 10. Bh2 Rg8 11. Nd2 g4 12. hxg4 h5 13. Bf3 c6 14. Nce4 e5 15. gxh5 O-O-O 16. Qa4 Kb8 17. Ng3 Ng4 18. Bxc6 Qh4 19. Nf3 Bxc6 20. Qxc6 Qf6 21.
a4 e4 22. Nxe4 Qxf3 23. Bxd6+ Bxd6 24. Qxd6+ Kb7 25. gxf3 Nde5 26. Qe7+ Rd7 27. Qxd7+ Nxd7 28. fxg4 Rxg4+ 29. Ng3 1-0

[Event "Live Chess"]
[Site "Chess.com"]
[Date "2023.05.20"]
[Round "-"]
[White "Leonid_Starozhilov"]
[Black "ReceptiveCamel"]
[Result "1-0"]
[WhiteElo "2653"]
[BlackElo "626"]
[TimeControl "300"]
[EndTime "11:40:23 PDT"]
[Termination "Leonid_Starozhilov won by resignation"]

1. e4 e5 2. Bc4 Bc5 3. Qh5 g6 4.
Qxe5+ Ne7 5. Qxh8+ Ng8 6. Qxg8+ Ke7 7. Qxf7+ Kd6 8. Qd5+ Ke7 9. Qxc5+ Ke8 10. Qe5+ Qe7 11.
Qxe7+ Kxe7 12. d4 Nc6 13. c3 b6 14. Bg5+ Kf8 15. h4 1-0

[Event "Live Chess"]
[Site "Chess.com"]
[Date "2023.05.20"]
[Round "-"]
[White "Albul"]
[Black "MJMykh"]
[Result "1-0"]
[WhiteElo "2162"]
[BlackElo "1034"]
[TimeControl "300"]
[EndTime "11:40:28 PDT"]
[Termination "Albul won by resignation"]

1. e4 e5 2. Bc4 Nc6 3. Nf3 h6 4.
d3 Nf6 5. Qe2 Bc5 6. c3 O-O 7. b4 Bb6 8. Nbd2 Qe7 9. Nf1 a6 10. h3 a5 11. b5 Na7 12. a4 c6 13. Ba3 d6 14. g4 cxb5 15. axb5 Bd7 16. Rb1 Rfc8 17. Ng3 Bc5 18. Bc1 Bb6 19. Nf5 Bxf5 20.
gxf5 Rc5 21. Ba3 Rcc8 22. Rg1 Nh5 23. Nxe5 Qxe5 24. Qxh5 Qxc3+ 25. Kf1 Rxc4 26. dxc4 Qxc4+ 27. Qe2 Qa4 28. Bxd6 Rd8 29. e5 Nc6 30. bxc6 Qxc6 31. f6 g6 32. Qa2 Qe4 33. Rxb6 Qd3+ 34. Kg2 Qe4+ 35. Kh2 Qf4+ 36. Rg3 h5 37. Rxb7 Kh8 38. Qxf7 Qxf2+ 39. Kh1 Qf1+ 40. Kh2 Qf2+ 41. Rg2 Qf4+ 42.
Kg1 Qe3+ 43. Rf2 Qg3+ 44. Kf1 Qxh3+ 45. Ke2 Qg4+ 46. Ke3 Qd4+ 47. Kxd4 1-0

[Event "Live Chess"]
[Site "Chess.com"]
[Date "2023.05.20"]
[Round "-"]
[White "diana21strabt"]
[Black "HoarseyHorsey"]
[Result "1-0"]
[WhiteElo "1694"]
[BlackElo "1366"]
[TimeControl "300"]
[EndTime "11:40:38 PDT"]
[Termination "diana21strabt won by checkmate"]

1. e4 c5 2. Nf3 e6 3. d4 cxd4 4. Nxd4 Nf6 5. Nc3 Nc6 6. Ndb5 Bb4 7. a3 Bxc3+ 8. Nxc3 d5 9. exd5 exd5 10. Bb5 O-O 11. O-O Bg4 12. f3 Be6 13. Bg5 h6 14.
Bxf6 Qxf6 15. Bxc6 bxc6 16. Qd2 Rab8 17. b4 Rfd8 18.
Na4 a5 19. Nc5 axb4 20. axb4 Bf5 21. Ra6 Re8 22. Rfa1 Rb5 23. g4 Bg6 24. Ra8 Rxa8 25. Rxa8+ Kh7 26. c3 Qxf3 27. Qd4 Bc2 28. Nd7 Be4 29.
Nf8+ Kg8 30. Ne6+ Kh7 31. Qxg7# 1-0

[Event "Live Chess"]
[Site "Chess.com"]
[Date "2023.05.20"]
[Round "-"]
[White "maxwalden"]
[Black "hturner40"]
[Result "0-1"]
[WhiteElo "1212"]
[BlackElo "1814"]
[TimeControl "300"]
[EndTime "11:40:48 PDT"]
[Termination "hturner40 won by resignation"]

1. d4 Nf6 2. c4 g6 3. Nc3 d5 4. Bf4 Bg7 5. e3 c5 6. dxc5 Qa5 7. cxd5 Nxd5 8. Qxd5 Bxc3+ 9. bxc3 Qxc3+ 10. Qd2 Qxa1+ 11. Qd1 Qc3+ 12. Qd2 Qxc5 13. Nf3 Nc6 14. Be2 O-O 15. O-O Rd8 16. Qb2 e5 17. Bh6 Be6 18. Ng5 Qb4 19.
Qa1 Qe7 20. f4 f6 21. Nxe6 Qxe6 22. fxe5 Nxe5 23. h3 Rd2 24. Bg4 Nxg4 25. hxg4 Qxg4 26. Rf2 Rd1+ 27. Qxd1 Qxd1+ 28. Rf1 Qh5 29. Bf4 Rf8 30. Bd6 Rf7 31. Rc1 Qd5 32. Rc8+ Kg7 33. Bf4 g5 34.
Bh2 0-1

[Event "Live Chess"]
[Site "Chess.com"]
[Date "2023.05.20"]
[Round "-"]
[White "Bob2pen"]
[Black "mliszewski"]
[Result "1-0"]
[WhiteElo "1810"]
[BlackElo "1885"]
[TimeControl "300"]
[EndTime "11:40:52 PDT"]
[Termination "Bob2pen won by resignation"]

1. c4 b6 2. Nc3 Bb7 3. e4 e6 4. d3 Bb4 5. Ne2 Nf6 6. a3 Bxc3+ 7. Nxc3 O-O 8. Be2 d5 9. O-O dxe4 10. dxe4 Qxd1 11. Rxd1 Nxe4 12. Bf3 Nxc3 13. Bxb7 Nxd1 14. Bxa8 Nd7 15. Bf3 Nxf2 16. Kxf2 Nc5 17. b4 Nb3 18. Rb1 Nd4 19. Bb2 Nf5 20. Rd1 h6 21. Rd7 c5 22.
Rxa7 Rd8 23. Ke2 cxb4 24. axb4 Rc8 25. Kd3 Rd8+ 26. Kc3 Ne3 27. Ra8 Rxa8 28. Bxa8 Nd1+ 29.
Kc2 Nf2 30. c5 bxc5 31. bxc5 Ng4 32. c6 Ne3+ 33. Kd3 Nf5 34. c7 Ne7 35. Bb7 1-0

[Event "Live Chess"]
[Site "Chess.com"]
[Date "2023.05.20"]
[Round "-"]
[White "Driftboard"]
[Black "Yehor20132013"]
[Result "1-0"]
[WhiteElo "688"]
[BlackElo "483"]
[TimeControl "300"]
[EndTime "11:40:52 PDT"]
[Termination "Driftboard won by resignation"]

1. e4 e5 2. Nf3 Qf6 3. Nc3 d5 4. Nxd5 Qd6 5. Bc4 c6 6. Nc3 Qf6 7. d3 Bc5 8. O-O Bh3 9. gxh3 Qg6+ 10. Kh1 Qh6 11. Bxh6 1-0

[Event "Live Chess"]
[Site "Chess.com"]
[Date "2023.05.20"]
[Round "-"]
[White "LL220284LL"]
[Black "JohanKjeldahl"]
[Result "1-0"]
[WhiteElo "2397"]
[BlackElo "1802"]
[TimeControl "300"]
[EndTime "11:40:52 PDT"]
[Termination "LL220284LL won by resignation"]

1. d4 Nf6 2. Bg5 e6 3. e4 h6 4. Bxf6 Qxf6 5. Nc3 Bb4 6. Nf3 O-O 7. Bd3 c5 8. e5 Qe7 9. O-O cxd4 10. Ne4 d5 11. exd6 Bxd6 12. Nxd4 b6 13. Re1 Bc5 14.
Nxc5 Qxc5 15. Qf3 Qd5 16. Be4 1-0

[Event "Live Chess"]
[Site "Chess.com"]
[Date "2023.05.20"]
[Round "-"]
[White "Tilbs_12"]
[Black "OceanFloater"]
[Result "1-0"]
[WhiteElo "1566"]
[BlackElo "971"]
[TimeControl "300"]
[EndTime "11:40:58 PDT"]
[Termination "Tilbs_12 won by resignation"]

1. e4 c6 2. d4 d5 3. exd5 cxd5 4. c4 dxc4 5. Bxc4 Nf6 6. Nc3 a6 7. a3 b5 8. Ba2 Nc6 9. Nf3 Bb7 10. O-O e6 11. Bg5 Bd6 12. Qd3 h6 13. Bh4 Rc8 14.
Rad1 O-O 15. Bb1 g6 16. Ne4 Be7 17. Qe3 Kg7 18. Nxf6 Bxf6 19. Bxf6+ Qxf6 20. Rfe1 Rfd8 21. Ne5 Nxe5 22. Qxe5 Qxe5 23. dxe5 Rxd1 24. Rxd1 Bd5 25. f3 f6 26. exf6+ Kxf6 27. Kf2 a5 28. Ke3 b4 29.
axb4 axb4 30. Rd4 Rc1 31. Be4 Bxe4 32. Rxe4 Rc2 33. Rxb4 Rxg2 34. Rb8 Rxh2 35. b4 Rb2 36. b5 h5 37. b6 h4 38. b7 h3 39. Rf8+ Ke7 40. b8=Q Rxb8 41. Rxb8 Kf6 42. Kf4 e5+ 43. Kg4 g5 44. Rh8 e4 45. fxe4 Ke5 46. Kxg5 Kxe4 47.
Rxh3 1-0

[Event "Live Chess"]
[Site "Chess.com"]
[Date "2023.05.20"]
[Round "-"]
[White "EdenHazard8"]
[Black "manthanit"]
[Result "1-0"]
[WhiteElo "2091"]
[BlackElo "952"]
[TimeControl "300"]
[EndTime "11:41:06 PDT"]
[Termination "EdenHazard8 won by resignation"]

1. e4 e6 2. d4 d5 3. Nd2 c5 4. Ngf3 a6 5. exd5 exd5 6. c3 Qb6 7. Bd3 Nf6 8. O-O Be7 9. Re1 Nc6 10. Nf1 O-O 11.
Ng3 cxd4 12. cxd4 Bd6 13. Ne5 Nxd4 14. Be3 Bxe5 15. f4 Bg4 16. Qd2 Bxf4 17. Kh1 Bxe3 18.
Rxe3 Rae8 19. Rf1 Rxe3 20. Qxe3 Qe6 21. Qxd4 Nh5 22. Nxh5 Bxh5 23. Qh4 g6 24. h3 Be2 25.
Re1 1-0

[Event "Live Chess"]
[Site "Chess.com"]
[Date "2023.05.20"]
[Round "-"]
[White "thrithik"]
[Black "Tushinskiy"]
[Result "0-1"]
[WhiteElo "465"]
[BlackElo "2115"]
[TimeControl "300"]
[EndTime "11:41:08 PDT"]
[Termination "Tushinskiy won by checkmate"]

1. a3 d5 2. f3 c6 3. e4 Nf6 4.
Nc3 e5 5. Bd3 d4 6. Nh3 Bd6 7.
Na4 Bxh3 8. gxh3 b5 9. Nc3 dxc3 10. bxc3 Nh5 11. Rg1 Qh4+ 12. Kf1 Qxh3+ 13. Ke2 Nf4+ 14. Ke3 Bc5# 0-1

[Event "Live Chess"]
[Site "Chess.com"]
[Date "2023.05.20"]
[Round "-"]
[White "mattihelenius2"]
[Black "LGC4YOU"]
[Result "0-1"]
[WhiteElo "490"]
[BlackElo "1185"]
[TimeControl "300"]
[EndTime "11:41:11 PDT"]
[Termination "LGC4YOU won by checkmate"]

1. d4 c5 2. e4 cxd4 3. Qxd4 Nc6 4. Qd1 e6 5. Nc3 g6 6. Bb5 Bg7 7. Qd6 Be5 8. Qd3 a6 9. Bxc6 bxc6 10. Nf3 Bg7 11. Bg5 Bf6 12. h4 d5 13. Bxf6 Qxf6 14.
Qd4 Qxd4 15. Nxd4 c5 16. Nc6 d4 17. Na4 Bb7 18. Nb6 Bxc6 19. Nxa8 Bxa8 20. Rd1 Ne7 21.
O-O Bxe4 22. Rfe1 Bxc2 23. Rd2 Bf5 24. b3 O-O 25. Rc1 Rc8 26. a4 e5 27. g3 Be6 28. b4 cxb4 29. Rxc8+ Nxc8 30. a5 b3 31. Rb2 Nd6 32. f4 f6 33. fxe5 fxe5 34. g4 Nc4 35. Kf2 Nxb2 36. Kf3 Nc4 37. Ke4 Kf7 38. Kd3 Ke7 39. Ke4 b2 40. Kf3 b1=Q 41.
g5 Qf5+ 42. Kg3 Qg4+ 43. Kf2 Qh3 44. Ke2 Qe3+ 45. Kd1 Qd2# 0-1

[Event "Live Chess"]
[Site "Chess.com"]
[Date "2023.05.20"]
[Round "-"]
[White "bedsdrout"]
[Black "Rusty_Bridges"]
[Result "0-1"]
[WhiteElo "377"]
[BlackElo "1420"]
[TimeControl "300"]
[EndTime "11:41:14 PDT"]
[Termination "Rusty_Bridges won on time"]

1. e3 d6 2. Nc3 Nf6 3. Bc4 Nbd7 4. Nd5 Nxd5 5. Bxd5 e6 6. Bc4 Be7 7. Qh5 O-O 8. Bd3 Nf6 9. Qh4 e5 10. Nf3 Qd7 11. O-O Qe6 12. g4 e4 13. b4 exd3 14. Bb2 dxc2 15. Ng5 Qxg4+ 16. Qg3 Qxg3+ 17. hxg3 h6 18. Ne4 Nxe4 19. f3 Nxd2 20. Rf2 Nc4 21. Bc3 Nxe3 22. Kh2 Bf5 23. Bd4 Nd5 24. g4 Bg6 25. Kh1 Bg5 26. Rh2 c1=Q+ 27. Rxc1 Bxc1 28. g5 Bxg5 29. b5 Rfe8 30. a4 Re1+ 31. Kg2 Re2+ 32. Kf1 Rxh2 33.
a5 Bd3+ 34. Ke1 Re8+ 35. Kd1 Ree2 36. b6 axb6 37. axb6 Nxb6 0-1

[Event "Live Chess"]
[Site "Chess.com"]
[Date "2023.05.20"]
[Round "-"]
[White "Ayursworld"]
[Black "JackRudd"]
[Result "0-1"]
[WhiteElo "1345"]
[BlackElo "2434"]
[TimeControl "300"]
[EndTime "11:41:20 PDT"]
[Termination "JackRudd won by checkmate"]

1. e4 c5 2. Nf3 d6 3. d4 cxd4 4. Qxd4 Bd7 5. a4 Nc6 6. Qc3 Nf6 7. Nbd2 Rc8 8. Qb3 Qc7 9. Bb5 a6 10. Bxc6 Bxc6 11. O-O Nxe4 12. Nxe4 Bxe4 13. Be3 Qxc2 14. Qxc2 Rxc2 15. Nd4 Rxb2 16. f3 Bc6 17. Nxc6 bxc6 18. Rfc1 Kd7 19. Rab1 Rxb1 20. Rxb1 g6 21. Rb7+ Ke6 22.
Ra7 Bg7 23. Rxa6 Kd5 24. Ra5+ c5 25. Ra7 Bf6 26. Rb7 Ra8 27. Rb1 Rxa4 28. g3 Kc6 29. h4 Ra3 30. Kf2 Ra2+ 31. Kf1 Bd4 32. Bxd4 cxd4 33. Rc1+ Kd5 34. f4 f6 35. Re1 e5 36.
fxe5 dxe5 37. Rb1 e4 38. Rb5+ Kc4 39. Rb8 f5 40. Rc8+ Kd3 41. Rh8 Ke3 42. Rxh7 Kf3 43. Ke1 e3 44. Rh6 Ra1# 0-1

[Event "Live Chess"]
[Site "Chess.com"]
[Date "2023.05.20"]
[Round "-"]
[White "ClassyChameleon"]
[Black "TobyQuaite"]
[Result "0-1"]
[WhiteElo "1065"]
[BlackElo "1694"]
[TimeControl "300"]
[EndTime "11:41:25 PDT"]
[Termination "TobyQuaite won by checkmate"]

1. e4 e6 2. d4 d5 3. Nc3 Bb4 4.
exd5 exd5 5. Nf3 Nf6 6. Bd3 Bg4 7. O-O O-O 8. h3 Bh5 9. g4 Bg6 10. Bxg6 hxg6 11. Ne5 Nbd7 12. Nxd7 Qxd7 13. Ne2 Rfe8 14. Nf4 Ne4 15. Be3 c6 16. c3 Bd6 17. Kg2 f5 18. f3 Ng5 19. Re1 Rxe3 20. Rxe3 Bxf4 21. Re2 fxg4 22. hxg4 Re8 23. Rxe8+ Qxe8 24. Qd3 Qe6 25. b3 Bd6 26. Rf1 Qf6 27. a4 Ne6 28. Qb1 Nf4+ 29. Kf2 c5 30. b4 cxd4 31. cxd4 Qxd4+ 32. Ke1 Bxb4+ 33. Qxb4 Qxb4+ 34. Kd1 Qb2 35. Re1 Nd3 36.
Re2 Qc1# 0-1

[Event "Live Chess"]
[Site "Chess.com"]
[Date "2023.05.20"]
[Round "-"]
[White "risinghelios"]
[Black "TDCMF"]
[Result "1-0"]
[WhiteElo "1936"]
[BlackElo "362"]
[TimeControl "300"]
[EndTime "11:41:29 PDT"]
[Termination "risinghelios won by checkmate"]

1. e4 e5 2. Bc4 Bc5 3. Qh5 g6 4. Qxe5+ Qe7 5. Qxh8 Qxe4+ 6. Ne2 Qxc4 7. Qxg8+ Ke7 8.
Nbc3 Qg4 9. O-O Bxf2+ 10. Rxf2 Qe6 11. Nd4 Qc4 12. d3 Qxd4 13. Bg5+ f6 14. Bxf6+ Kd6 15.
Bxd4 b6 16. Qd5+ Ke7 17. Rf7+ Ke8 18. Re1+ Kd8 19. Bf6# 1-0

[Event "Live Chess"]
[Site "Chess.com"]
[Date "2023.05.20"]
[Round "-"]
[White "ProfPoisson"]
[Black "TheSmoulderingMaster"]
[Result "1-0"]
[WhiteElo "1072"]
[BlackElo "1748"]
[TimeControl "300"]
[EndTime "11:41:30 PDT"]
[Termination "ProfPoisson won by resignation"]

1. e4 c5 2. Nf3 d6 3. Bb5+ Nd7 4.
O-O a6 5. Bxd7+ Bxd7 6. d4 cxd4 7.
Qxd4 Nf6 8. Nc3 g6 9. e5 dxe5 10. Nxe5 Bg7 11. Be3 O-O 12. Rad1 Ng4 13. Qxd7 Bxe5 14.
Qxg4 Qa5 15. Bh6 Rfc8 16. Rd7 Bf6 17. Ne4 Rxc2 18. Nxf6+ exf6 19. h4 Rac8 20. h5 R2c4 21. Qd1 Rc1 22. Qd4 Rxf1+ 23. Kxf1 Rc1+ 24. Bxc1 1-0

[Event "Live Chess"]
[Site "Chess.com"]
[Date "2023.05.20"]
[Round "-"]
[White "Enhard"]
[Black "KGreenGator"]
[Result "1/2-1/2"]
[WhiteElo "1447"]
[BlackElo "1761"]
[TimeControl "300"]
[EndTime "11:41:38 PDT"]
[Termination "Game drawn by repetition"]

1. d4 Nf6 2. Bf4 d6 3. e3 Nc6 4. h3 e5 5. dxe5 dxe5 6. Qxd8+ Kxd8 7. Bh2 Bd6 8. Bb5 Bd7 9. Ne2 a6 10. Ba4 b5 11. Bb3 Ke7 12. O-O Na5 13. Nd2 Nxb3 14.
axb3 c5 15. Rfd1 Bc6 16. Ng3 g6 17. Ne2 h5 18. c3 Ne4 19. Nxe4 Bxe4 20. b4 cxb4 21.
cxb4 Bxb4 22. Bxe5 f6 23. Bc3 Bc5 24. Bd4 Bxd4 25.
Nxd4 Rhd8 26. Rdc1 Rd7 27. Rc5 Kd6 28. Rac1 f5 29.
b4 Bb7 30. h4 Ke7 31. g3 Rad8 32. Rc7 Be4 33. Kf1 Bd3+ 34. Ke1 Rxc7 35. Rxc7+ Rd7 36. Rc6 Rd6 37. Rc7+ Kf6 38. Kd2 Bc4 39. Kc3 g5 40. hxg5+ Kxg5 41. Rg7+ Kf6 42. Rc7 Kg5 43. Rg7+ Kh6 44.
Rc7 Kg5 1/2-1/2

[Event "Live Chess"]
[Site "Chess.com"]
[Date "2023.05.20"]
[Round "-"]
[White "Richardallis"]
[Black "Reggie016"]
[Result "1-0"]
[WhiteElo "1688"]
[BlackElo "1071"]
[TimeControl "300"]
[EndTime "11:41:38 PDT"]
[Termination "Richardallis won by checkmate"]

1. d4 e6 2. Nf3 f5 3. e4 fxe4 4. Ne5 Nf6 5. Bg5 Be7 6. Bc4 O-O 7. O-O d6 8. Bxf6 Rxf6 9. Ng4 Rf8 10.
Nd2 d5 11. Bb3 Bd6 12. Qe2 Qg5 13. f3 exf3 14. Rxf3 Rxf3 15. Qxf3 Qxd2 16. Rf1 Nd7 17. Qf7+ Kh8 18. Qe8+ Bf8 19. Rxf8+ Nxf8 20. Qxf8# 1-0

[Event "Live Chess"]
[Site "Chess.com"]
[Date "2023.05.20"]
[Round "-"]
[White "AbilifyXL"]
[Black "BostonStrangler"]
[Result "0-1"]
[WhiteElo "1942"]
[BlackElo "2061"]
[TimeControl "300"]
[EndTime "11:41:42 PDT"]
[Termination "BostonStrangler won by resignation"]

1. d4 Nf6 2. c4 c5 3. d5 b5 4. cxb5 a6 5. b6 Qxb6 6. Nc3 d6 7. a4 g6 8. a5 Qb4 9. Nf3 Bg7 10. Ra4 Qb7 11. e4 O-O 12. Nd2 Bd7 13. Ra3 Bb5 14. Rb3 Nbd7 15. Bxb5 axb5 16. Rxb5 Qc7 17. Qa4 Rfb8 18.
a6 Rxb5 19. Qxb5 Qb6 20. Qxb6 Nxb6 21. O-O Rxa6 22. Re1 Nfd7 23. h3 Ne5 24. f4 Nd3 25.
Rd1 Bd4+ 26. Kh2 Bxc3 27. bxc3 Nxc1 28. Rxc1 Ra2 29. Nf3 Nc4 30. e5 Ne3 31. Re1 Nxg2 32. Rd1 Ne3+ 0-1

[Event "Live Chess"]
[Site "Chess.com"]
[Date "2023.05.20"]
[Round "-"]
[White "SupremeTactician"]
[Black "kerryman1969"]
[Result "1/2-1/2"]
[WhiteElo "2400"]
[BlackElo "1156"]
[TimeControl "300"]
[EndTime "11:41:53 PDT"]
[Termination "Game drawn by repetition"]

1. e4 c5 2. Nf3 g6 3. d4 cxd4 4. Nxd4 Bg7 5. Nc3 a6 6. Be3 e6 7.
Be2 Ne7 8. O-O d5 9. exd5 Nxd5 10. Nxd5 Qxd5 11. Bf3 Qd8 12. c3 O-O 13. Nb3 Nc6 14. Bxc6 bxc6 15. Bc5 Re8 16. Qxd8 Rxd8 17. Na5 Rd2 18.
Nxc6 Rxb2 19. Ne7+ Kh8 20. Rad1 Bb7 21. Rd7 Be4 22.
f3 Bf5 23. Rfd1 h5 24. Nxf5 exf5 25. Rxf7 Bxc3 26. Rdd7 Re8 27. Rh7+ Kg8 28. Rhe7 Rxe7 29. Rxe7 Rxa2 30. Re6 Kf7 31. Re7+ Kf6 32. Rc7 a5 33. Be7+ Ke6 34. Bc5 a4 35. Kf1 a3 36. Ra7 Ra1+ 37.
Ke2 Bb2 38. Ra6+ Kf7 39. Ra7+ Kf6 40. Ra6+ Kf7 41. Ra7+ Ke6 42. Ra6+ Kf7 1/2-1/2

[Event "Live Chess"]
[Site "Chess.com"]
[Date "2023.05.20"]
[Round "-"]
[White "ethiebear"]
[Black "wot-not"]
[Result "0-1"]
[WhiteElo "800"]
[BlackElo "1468"]
[TimeControl "300"]
[EndTime "11:41:53 PDT"]
[Termination "wot-not won by checkmate"]

1. e4 e5 2. Nc3 Nf6 3. f4 d6 4. Bc4 Be6 5. d3 Bxc4 6. dxc4 Nc6 7. Nd5 Be7 8. Nxf6+ Bxf6 9. Nf3 O-O 10. f5 a6 11.
Bg5 Bxg5 12. Nxg5 Qxg5 13. O-O Qe3+ 14. Rf2 Qxe4 15. Qf3 Qxf3 16. Rxf3 Nd4 17. Rff1 Nxc2 18.
Rac1 Nd4 19. f6 Ne2+ 20. Kh1 Nxc1 21. Rxc1 gxf6 22. Rf1 Kg7 23. g4 Kg6 24. h4 h5 25.
Rg1 hxg4 26. Rxg4+ Kh5 27. Re4 Rg8 28. Kh2 Rg4 29.
Kh3 Rxe4 30. Kg3 Rg8+ 31. Kh3 Re3+ 32. Kh2 Kxh4 33. Kh1 Kh3 34. c5 Re1# 0-1

[Event "Live Chess"]
[Site "Chess.com"]
[Date "2023.05.20"]
[Round "-"]
[White "apl_trainer"]
[Black "martynstanley"]
[Result "1-0"]
[WhiteElo "1626"]
[BlackElo "1017"]
[TimeControl "300"]
[EndTime "11:41:55 PDT"]
[Termination "apl_trainer won by checkmate"]

1. d4 e6 2. c4 d5 3. Nc3 c5 4. cxd5 exd5 5. Nf3 Nc6 6. g3 b6 7. Bg2 Bb7 8. O-O Bd6 9. Nxd5 Nge7 10. Nxe7 Qxe7 11.
Bg5 f6 12. Be3 O-O-O 13. Qa4 Qd7 14. dxc5 bxc5 15. Rfc1 Ne5 16. Qxd7+ Kxd7 17. Nxe5+ fxe5 18. Bxb7 h5 19. Bxc5 Bxc5 20. Rxc5 Rde8 21. Rd1+ Ke6 22. Rc6+ Kf5 23. Rc7 g6 24. h4 g5 25. hxg5 Kxg5 26. Rd6 Kf5 27. Rf7+ Kg5 28. Be4 Ref8 29. Rg6# 1-0

[Event "Live Chess"]
[Site "Chess.com"]
[Date "2023.05.20"]
[Round "-"]
[White "matt1979"]
[Black "OSmith06"]
[Result "1/2-1/2"]
[WhiteElo "1458"]
[BlackElo "1708"]
[TimeControl "300"]
[EndTime "11:42:00 PDT"]
[Termination "Game drawn by repetition"]

1. f4 e5 2. fxe5 Qh4+ 3. g3 Be7 4. Nf3 Qa4 5. b3 Qa6 6. e4 Qe6 7. d4 f6 8. Bc4 Qh3 9. Bf1 Qg4 10. Qe2 fxe5 11. Nxe5 Qxe2+ 12. Bxe2 Nf6 13. Nc3 d6 14. Nf3 O-O 15. O-O c5 16. Be3 cxd4 17. Bxd4 Nc6 18. Bc4+ Kh8 19. Rad1 Nxd4 20. Nxd4 Bg4 21. Rde1 a6 22. Ne6 Rfc8 23. Ng5 h6 24. Nf7+ Kh7 25. e5 dxe5 26. Nxe5 Bh3 27. Bd3+ Kg8 28. Bc4+ Kh7 29.
Rf4 Bb4 30. Bd3+ Kg8 31. Bc4+ Kh7 32. Bd3+ Kg8 33. Bc4+ Kh7 1/2-1/2

[Event "Live Chess"]
[Site "Chess.com"]
[Date "2023.05.20"]
[Round "-"]
[White "GMHarry-youtube"]
[Black "Conradical12"]
[Result "1-0"]
[WhiteElo "2125"]
[BlackElo "1536"]
[TimeControl "300"]
[EndTime "11:42:02 PDT"]
[Termination "GMHarry-youtube won by resignation"]

1. e4 e5 2. Nf3 Nc6 3. Bc4 Nf6 4. d3 Bc5 5. c3 a5 6. a4 O-O 7. Qb3 d6 8. Nbd2 Qe7 9. Nf1 Be6 10. Be3 Bxc4 11. Qxc4 Ra6 12. Ng3 Bxe3 13. fxe3 Ng4 14. Nf5 Qf6 15. h3 g6 16. hxg4 gxf5 17. gxf5 Rb6 18.
O-O-O Kh8 19. g4 Qd8 20. g5 Ne7 21. Nh4 d5 22. exd5 Nxd5 23. g6 Nxe3 24. Qe4 Nxd1 25.
Rxd1 Qg5+ 26. Kc2 f6 27. gxh7 Qf4 28. Qxf4 exf4 29. Ng6+ Kxh7 30. Nxf8+ Kg7 31. Ne6+ 1-0

[Event "Live Chess"]
[Site "Chess.com"]
[Date "2023.05.20"]
[Round "-"]
[White "booktrunk"]
[Black "VovaOvchar1990"]
[Result "0-1"]
[WhiteElo "1320"]
[BlackElo "1213"]
[TimeControl "300"]
[EndTime "11:42:03 PDT"]
[Termination "VovaOvchar1990 won by checkmate"]

1. d4 d5 2. c3 Bf5 3. Bf4 Nc6 4. h3 Nf6 5. Nf3 e6 6. a3 a6 7. e3 Ne4 8. Bd3 Nd6 9. Bxf5 Nxf5 10.
O-O Bd6 11. Bxd6 Qxd6 12. Qd3 O-O 13. Re1 h6 14. e4 dxe4 15. Rxe4 f6 16. Nbd2 e5 17. d5 Nce7 18. c4 c6 19. b3 cxd5 20.
cxd5 Nxd5 21. Nc4 Qd8 22. Rd1 Nfe7 23. b4 b5 24. Na5 Nf4 25. Qxd8 Rfxd8 26. Rxd8+ Rxd8 27. Kh2 Rd3 28. Re3 Rxe3 29. fxe3 Nfd5 30. e4 Nc3 31. Nd2 Nc8 32. Nc6 Nb6 33. Nb8 Nc4 34. Nxc4 bxc4 35. Nxa6 Nxe4 36. b5 c3 37. b6 c2 38. b7 c1=Q 39. b8=Q+ Kh7 40. Qb4 Qf4+ 41. Kh1 Ng3+ 42. Kh2 Ne2+ 43. Kh1 Qf1+ 44. Kh2 Qg1# 0-1

[Event "Live Chess"]
[Site "Chess.com"]
[Date "2023.05.20"]
[Round "-"]
[White "KeithArkell"]
[Black "Trendle"]
[Result "0-1"]
[WhiteElo "2609"]
[BlackElo "2672"]
[TimeControl "300"]
[EndTime "11:42:05 PDT"]
[Termination "Trendle won by resignation"]

1. d4 e6 2. Nf3 f5 3. Bg5 Be7 4. Bxe7 Qxe7 5. Nbd2 Nf6 6. e3 b6 7. Bd3 Bb7 8. c3 O-O 9. Qc2 c5 10. e4 cxd4 11. Nxd4 fxe4 12. Nxe4 Nd5 13. g3 Nc6 14. Nxc6 Bxc6 15. O-O Rf3 16. Be2 Rf5 17. f4 Raf8 18.
Qd3 Nxf4 19. gxf4 Rxf4 20. Ng3 Qc5+ 0-1

[Event "Live Chess"]
[Site "Chess.com"]
[Date "2023.05.20"]
[Round "-"]
[White "Delacorta"]
[Black "Ferrarifan27"]
[Result "0-1"]
[WhiteElo "1390"]
[BlackElo "2104"]
[TimeControl "300"]
[EndTime "11:42:30 PDT"]
[Termination "Ferrarifan27 won by resignation"]

1. d4 Nf6 2. Nf3 d5 3. e3 Bf5 4. Bd3 Bxd3 5. cxd3 e6 6. O-O Be7 7. b3 O-O 8. Ba3 c6 9. Bxe7 Qxe7 10. Nbd2 Nbd7 11.
Re1 e5 12. dxe5 Nxe5 13. Nxe5 Qxe5 14. d4 Qg5 15. Nf3 Qh5 16. Ne5 Qxd1 17. Raxd1 a5 18.
a3 Ne4 19. Nd7 Rfd8 20. Nb6 Ra6 21. Na4 Nd6 22. Nc5 Ra7 23. Ra1 Rda8 24. Nd7 a4 25. b4 f6 26. Nb6 Re8 27. Rac1 Nb5 28. Ra1 Rd8 29. Kf1 Ra6 0-1

[Event "Live Chess"]
[Site "Chess.com"]
[Date "2023.05.20"]
[Round "-"]
[White "ACx04"]
[Black "ramses-IIG"]
[Result "1-0"]
[WhiteElo "417"]
[BlackElo "797"]
[TimeControl "300"]
[EndTime "11:42:32 PDT"]
[Termination "ACx04 won by resignation"]

1. e4 d5 2. exd5 Qxd5 3. Nc3 Qe6+ 4. Be2 Qg6 5. g3 c6 6. f4 e6 7. Bh5 Qf6 8. d4 g6 9. Bf3 Bg7 10. Nge2 Qd8 11. Kf1 Nf6 12. h3 O-O 13. Kg2 h5 14. h4 Na6 15. Ng1 Nb4 16. a3 Na6 17. b4 Nc7 18. Be3 Qd7 19. g4 hxg4 20. Bxg4 Qd6 21.
Bf3 Ncd5 22. Nxd5 cxd5 23. c3 Re8 24. Qe2 Ne4 25. Bxe4 dxe4 26. Qd2 Qe7 27. Ne2 Qxh4 28. Rxh4 1-0

[Event "Live Chess"]
[Site "Chess.com"]
[Date "2023.05.20"]
[Round "-"]
[White "AbilifyXL"]
[Black "ClassyChameleon"]
[Result "1-0"]
[WhiteElo "1942"]
[BlackElo "1065"]
[TimeControl "300"]
[EndTime "11:42:32 PDT"]
[Termination "AbilifyXL won by resignation"]

1. d4 d5 2. c4 e6 3. Nc3 c6 4. cxd5 cxd5 5. Nf3 a6 6. Bg5 b6 7. Bxd8 Kxd8 8. e4 dxe4 9. Nxe4 Nc6 10. Be2 Nxd4 11.
Qxd4+ Bd6 1-0

[Event "Live Chess"]
[Site "Chess.com"]
[Date "2023.05.20"]
[Round "-"]
[White "LiamBellwood"]
[Black "LaupMiths"]
[Result "1-0"]
[WhiteElo "2091"]
[BlackElo "1821"]
[TimeControl "300"]
[EndTime "11:42:33 PDT"]
[Termination "LiamBellwood won by checkmate"]

1. d4 d5 2. Nc3 Nf6 3. Bf4 c6 4. e3 Bf5 5. f3 h6 6. g4 Bg6 7.
Bd3 Bxd3 8. Qxd3 e6 9. h4 Bd6 10. Nge2 Bxf4 11. Nxf4 Qb6 12. O-O-O a6 13. g5 Nfd7 14. g6 O-O 15. gxf7+ Rxf7 16. Qg6 Nf8 17. Qg4 Rf6 18. h5 Qc7 19. Rhg1 Qf7 20. Nd3 Nbd7 21.
f4 Re8 22. Rg2 Rf5 23. Rdg1 Re7 24. Ne5 Nxe5 25. fxe5 Qxh5 26. Qxg7+ Rxg7 27. Rxg7+ Kh8 28. Rg8+ Kh7 29. R1g7# 1-0